Map: Ascension to Aiur LE

Players

TRUE - Winner!

  • Race: Zerg Zerg
  • Spawn Location: 5:00

Zanster

  • Race: Zerg Zerg
  • Spawn Location: 11:00

Event: WCS Montreal 2017

VOD

Have the link to the VOD?

Description

Time

  • Played on: Sept. 8, 2017, 6:04 p.m.
  • Length: 6:09

All games in this series

Show
View Real Time Build Order
Export as new Build Order

TRUE Zerg - Winner!

Build Orders: Hatch First 

Get SALT Encoding   

  12  0:00  Drone  
  13  0:12  Overlord  
  13  0:16  Drone  
  14  0:30  Drone x2  
  14  0:33  Drone  
  17  0:51  Hatchery  
  17  0:54  Drone  
  17  1:07  Spawning Pool  
  17  1:10  Extractor  
  15  1:13  Drone  
  15  1:16  Drone  
  17  1:20  Drone  
  18  1:27  Drone  
  19  1:38  Overlord  
  19  1:54  Queen  
  19  1:57  Zergling x2  
  22  2:03  Queen  
  24  2:10  Metabolic Boost  
  24  2:16  Zergling x2  
  25  2:24  Zergling x2  
  26  2:34  Drone x5  
  26  2:35  Drone  
  32  2:47  Drone x2  
  34  2:57  Hatchery  
  33  3:01  Drone  
  33  3:02  Baneling Nest  
  33  3:05  Drone  
  34  3:09  Overlord  
  34  3:14  Zergling x2  
  34  3:18  Zergling x2  
  36  3:22  Overlord  
  36  3:28  Zergling x8  
  36  3:29  Zergling x2  
  36  3:34  Zergling x2  
  42  3:39  Overlord, Zergling x2  
  42  3:40  Zergling x2  
  44  3:42  Zergling x2  
  44  3:46  Zergling x4  
  47  3:51  Zergling x4  
  48  4:00  Zergling x4  
  42  4:04  Zergling x2  
  42  4:08  Zergling x2  
  42  4:09  Queen  
  46  4:10  Zergling x4  
  46  4:12  Zergling x2  
  46  4:15  Zergling x2  
  46  4:16  Zergling x2  
  51  4:23  Baneling x2  
  51  4:26  Baneling x2  
  51  4:27  Zergling x4  
  51  4:28  Zergling x2  
  51  4:30  Zergling x2  
  55  4:31  Zergling x2  
  55  4:36  Drone  
  57  4:40  Baneling x2  
  57  4:47  Drone x2  
  57  4:48  Drone  
  57  4:49  Drone x2  
  57  4:50  Drone x2  
  62  4:53  Drone  
  62  4:58  Drone x2  
  61  5:00  Baneling x2  
  61  5:01  Drone  
  61  5:03  Drone  
  61  5:05  Drone  
  60  5:10  Baneling  
  60  5:11  Zergling x4, Baneling  
  61  5:14  Zergling x2  
  61  5:15  Zergling x2  
  61  5:16  Zergling x2  
  61  5:18  Zergling x2  
  61  5:20  Zergling x2  
  65  5:23  Zergling x4  
  65  5:25  Zergling x2  
  64  5:29  Zergling x4  
  64  5:42  Extractor, Roach Warren  
  61  5:46  Drone  
  61  5:47  Drone x4  
  61  5:49  Drone  
  63  5:56  Drone  
Show
View Real Time Build Order
Export as new Build Order

Zanster Zerg 

Build Orders: Hatch First 

Get SALT Encoding   

  12  0:00  Drone  
  13  0:12  Overlord  
  13  0:17  Drone  
  14  0:31  Drone x2  
  14  0:35  Drone  
  17  0:52  Hatchery  
  17  0:54  Drone  
  17  0:58  Drone  
  18  1:08  Extractor  
  17  1:12  Spawning Pool  
  17  1:15  Drone  
  18  1:18  Drone  
  18  1:27  Drone  
  19  1:39  Drone  
  20  1:49  Overlord  
  20  1:59  Queen  
  22  2:04  Queen  
  22  2:05  Zergling x4  
  26  2:10  Metabolic Boost  
  26  2:11  Zergling x2  
  26  2:15  Drone  
  28  2:21  Drone  
  29  2:25  Drone  
  30  2:33  Drone  
  31  2:38  Hatchery  
  31  2:42  Queen  
  32  2:48  Overlord  
  32  2:52  Drone  
  32  2:53  Drone  
  34  2:58  Zergling x2  
  34  2:59  Zergling x2  
  36  3:07  Zergling x2  
  36  3:09  Zergling x4  
  36  3:10  Zergling x2  
  36  3:11  Zergling x2  
  41  3:18  Baneling Nest  
  40  3:25  Overlord, Drone  
  40  3:26  Drone  
  42  3:28  Drone  
  42  3:30  Drone  
  44  3:40  Overlord  
  44  3:48  Drone  
  44  3:49  Drone x4  
  49  3:56  Zergling x6  
  49  3:59  Drone x2  
  48  4:06  Queen  
  50  4:10  Drone x3  
  50  4:15  Baneling x2  
  50  4:16  Baneling  
  53  4:20  Drone  
  53  4:21  Drone x2  
  56  4:25  Extractor x2  
  56  4:27  Roach Warren  
  52  4:32  Baneling x2  
  52  4:37  Drone x6  
  58  4:38  Drone  
  58  4:40  Drone  
  58  4:43  Overlord  
  60  4:48  Overlord  
  55  4:53  Zergling x8  
  55  4:59  Zergling x2  
  59  5:00  Zergling x6  
  59  5:11  Roach x4  
  59  5:14  Baneling x2  
  53  5:21  Roach x2  
  53  5:22  Zergling x2  
  45  5:30  Roach, Zergling x2  
  45  5:33  Drone  
  45  5:40  Drone  
  45  5:41  Drone  
  44  5:43  Drone  
  44  5:49  Drone  
  44  5:51  Drone  
Tags
 
Add a new tag
Caveats
  • Supply blocks, unpowered buildings, or Contaminate may cause inaccurate times.
  • Supply counts are checked every 10 seconds.